 Dungeon Crawl Stone Soup version 0.25-a0-597-gb30770a (webtiles) character file.

Game seed: 4917222972414372527, levelgen mode: deterministic

29052 Faels the Basher (level 13, -2/129 HPs)
             Began as a Demonspawn Gladiator on Mar 14, 2020.
             Was a High Priest of Okawaru.
             Slain by a minotaur
             ... wielding a +0 war axe of draining
              (4 damage)
             ... in a Gauntlet.
             The game lasted 01:09:40 (23227 turns).

Faels the Basher (Demonspawn Gladiator)            Turns: 23227, Time: 01:09:41

Health: -2/129     AC: 24    Str: 22    XL:     13   Next: 13%
Magic:  0/20       EV: 14    Int: 10    God:    Okawaru [*****.]
Gold:   1465       SH:  8    Dex: 15    Spells: 14/22 levels left

rFire    + + +     SeeInvis .   x - +8 flail (drain)
rCold    . . .     Gourm    .   G - +3 buckler
rNeg     + . .     Faith    .   Q - +3 leather armour {rPois}
rPois    +         Spirit   +   X - +1 helmet
rElec    .         Reflect  .   y - +2 cloak {rPois}
rCorr    .         Harm     .   T - +2 pair of gloves {Str+3}
MR       .....     NoTele   +   B - +2 pair of boots
Stlth    ..........             R - amulet of Weajats {Acrobat rF+ Stlth+}
HPRegen  0.31/turn              a - +3 ring of protection
MPRegen  0.17/turn              N - ring of protection from fire

@: berserking, drained, very quick
A: hooves 1, molten scales 3, demonic guardian 2, negative energy resistance 1,
magic shield
a: Heroism, Finesse, Renounce Religion


You were in a Gauntlet.
You worshipped Okawaru.
Okawaru was extremely pleased with you.
You were not hungry.

You visited 4 branches of the dungeon, and saw 20 of its levels.
You also visited: Gauntlet.

You collected 1465 gold pieces.

Inventory:

Hand Weapons
 l - a -2 lajatang
 x - a +8 flail of draining (weapon)
Missiles
 i - 76 poisoned darts (quivered)
 F - 9 javelins
 I - 3 throwing nets
 Z - 4 silver boomerangs
Armour
 o - a +2 cloak
 y - a +2 cloak of poison resistance (worn)
 B - a +2 pair of boots (worn)
 G - a +3 buckler (worn)
 J - a +0 kite shield
 Q - a +3 leather armour of poison resistance (worn)
 T - a +2 pair of gloves of strength (worn)
 X - a +1 helmet (worn)
Jewellery
 a - a +3 ring of protection (left hand)
 d - a cursed ring of ice
 e - an uncursed ring of ice
 N - a ring of protection from fire (right hand)
 R - the amulet of Weajats (around neck) {Acrobat rF+ Stlth+}
   (You found it in a Gauntlet)

   [amulet of the acrobat]

   It helps you evade while moving and waiting.
   It protects you from fire.
   It makes you more stealthy.
 Y - the amulet "Xoaru" {Inacc rF++ MR-}
   (You found it on level 6 of the Lair of Beasts)

   [amulet of inaccuracy]

   It reduces the accuracy of all your attacks.
   It greatly protects you from fire.
   It affects your resistance to hostile enchantments.
Wands
 b - a wand of digging (7)
 z - a wand of disintegration (10)
 A - a wand of acid (24)
 E - a wand of clouds (6)
 K - a wand of flame (39)
 M - a wand of iceblast (42)
 V - a wand of enslavement (7)
Scrolls
 j - 7 scrolls of teleportation
 k - 3 scrolls of immolation
 m - 9 scrolls of remove curse
 r - 4 scrolls of fear
 C - 5 scrolls of amnesia
 H - 6 scrolls of magic mapping
 L - a scroll of fog {unknown}
 W - a scroll of vulnerability {unknown}
Potions
 c - a potion of resistance {unknown}
 g - 3 potions of heal wounds
 p - a potion of ambrosia {unknown}
 q - 4 potions of magic
 s - 4 potions of might
 t - 9 potions of curing
 u - 2 potions of mutation {unknown}
 v - 4 potions of haste
 w - 6 potions of flight
 D - 2 potions of brilliance {unknown}
 P - 2 potions of stabbing {unknown}
Miscellaneous
 O - a lightning rod (4/4)
 S - a sack of spiders
Comestibles
 f - 22 rations
 n - 3 chunks of flesh


   Skills:
 + Level 3.1(2.3) Fighting
 - Level 13.0(12.9) Maces & Flails
 - Level 9.0(11.0) Staves
 + Level 2.8(2.0) Throwing
 - Level 0.1(0.0) Armour
 + Level 5.5(4.6) Dodging
 - Level 2.5(1.7) Stealth
 - Level 4.0(3.1) Shields
 - Level 5.1(4.2) Spellcasting
 - Level 9.6(8.6) Necromancy
 + Level 5.7(4.8) Evocations


You had 14 spell levels left.
You knew the following spells:

 Your Spells              Type           Power        Failure   Level  Hunger
a - Animate Skeleton      Necr           N/A          1%          1    #......
b - Vampiric Draining     Necr           ###.......   2%          3    ###....
c - Animate Dead          Necr           N/A          9%          4    #####..

Your spell library contained the following spells:

 Spells                   Type           Power        Failure   Level  Hunger
 Pain                     Necr           ###.         1%          1    #......
 Agony                    Necr           ###.....     26%         5    ######.
 Corona                   Hex            #......      32%         1    #......
 Foxfire                  Conj/Fire      #...         32%         1    #......
 Ensorcelled Hibernation  Hex/Ice        #.....       43%         2    ##.....
 Confusing Touch          Hex            #.......     67%         3    ###....
 Conjure Flame            Conj/Fire      #.......     67%         3    ###....
 Dazzling Flash           Conj/Hex       #.....       67%         3    ###....
 Inner Flame              Hex/Fire       #.......     67%         3    ###....
 Tukima's Dance           Hex            #.......     67%         3    ###....
 Cause Fear               Hex            #.........   97%         4    #####..
 Sticky Flame             Conj/Fire      #.......     97%         4    #####..
 Fireball                 Conj/Fire      #.........   100%        5    ######.
 Silence                  Hex/Air        #.........   100%        5    ######.
 Yara's Violent Unravell  Hex/Tmut       #.........   100%        5    ######.
 Deflect Missiles         Chrm/Air       #.........   100%        6    #######
 Discord                  Hex            #.........   100%        8    #######


Dungeon Overview and Level Annotations

Branches:
Dungeon (11/15)            Temple (1/1) D:4            Lair (6/6) D:8
  Swamp (0/4) Lair:2       Spider (0/4) Lair:2        Slime (0/5) Lair:6
    Orc (2/2) D:10            Elf (0/3) Orc:2       Gauntlet (1/1)

Altars:
Ashenzari
Cheibriados
Dithmenos
Elyvilon
Fedhas
Gozag
Hepliaklqana
Kikubaaqudgha
Makhleb
Nemelex Xobeh
Okawaru
Qazlal
Ru
Sif Muna
Trog
Uskayaw
Vehumet
Wu Jian
Xom
Yredelemnul
Zin
The Shining One

Shops:
D:7 :

Annotations:
D:11 exclusion: 2 oklob plants
Lair:3 1 runed translucent door, Reastril's ghost, journeyman GnWz
Orc:1 1 runed translucent door, edsrzf's ghost, journeyman DDBe
Orc:2 Nessos Gauntlet 12 transporters, exclusion: obsidian statue


Innate Abilities, Weirdness & Mutations

You have large cloven feet.
You are completely covered in molten scales. (AC +4, rF+)
A demonic guardian rushes to your aid.
You resist negative energy. (rN+)
When hurt, damage is shared between your health and your magic reserves.


Message History

* * * LOW HITPOINT WARNING * * *
The minotaur hits your ice devil but does no damage.
You block the minotaur's attack.
Your ice devil hits the minotaur but does no damage.
You feel much better.
The cyclops changes into a faun!
The komodo dragon changes into a shock serpent!
Your ice devil barely misses the minotaur.
The minotaur furiously retaliates!
The minotaur headbutts your ice devil!! You block the minotaur's attack.
The minotaur hits your ice devil but does no damage.
The minotaur gores you!
A red film seems to cover your vision as you go berserk!
Your finesse ends abruptly.
You feel yourself moving faster!
You feel mighty!
The minotaur hits you with a +0 war axe of draining!!!
* * * LOW HITPOINT WARNING * * *
You partially resist.
You feel drained.
* * * LOW HITPOINT WARNING * * *
The minotaur hits your ice devil with a +0 war axe of draining!!
The minotaur gores you.
You die...

..#..P#..#.##..#^#..##.#x#.#.#.#.
.#P.#.P#.#.#^#######.#.#x.#.#.#..
#..#.#..##.#..#...#..#.#.#.#.#.#.
$.#.©.#[$#.#.."[cS...#.#x.X)©=?..
##########.###########.##########
.................................
.....................≈∩≈.........
#################################
# #8# #8# #8##≈.@(............≈##
# ### ### ####8..H4©.©.©.©.©..8##
#≈...............≈#
###.##(##.##.##.###
#.##.##.##.##.# ... . #.##. #. #.
.# (# #. . (


You could see a minotaur (berserk), a shock serpent shaped shifter, a faun
shaped shifter and a friendly ice devil.

Vanquished Creatures
  A hydra (Lair:6)
  The ghost of Ulyfel the Thaumaturge, a journeyman BaIE of Vehumet (Lair:2)
  A hell beast (Gauntlet)
  The ghost of Auros the Digger, a novice TrEE of Elyvilon (D:10)
  A merfolk avatar (Lair:6)
  An orc high priest (Orc:1)
  A harpy (Lair:6)
  A cyclops (D:10)
  2 black mambas
  A centaur zombie (D:10)
  5 spiny frogs
  A rime drake (Lair:4)
  5 komodo dragons
  A polar bear (Lair:6)
  10 blink frogs
  2 hippogriffs
  A bog body (Lair:2)
  A raiju (Gauntlet)
  A meliai zombie (D:11)
  A hungry ghost (D:11)
  9 yaks
  4 steam dragons
  Edmund (D:5)
  A warg (Orc:1)
  6 water moccasins
  An acid dragon (D:11)
  8 porcupines
  18 orc warriors
  2 phantoms
  3 ice beasts
  An eye of draining (D:8)
  5 wolves (Lair:1)
  6 ogres
  2 necrophages
  A centaur (D:8)
  13 crocodiles
  2 big kobolds
  9 bullfrogs
  6 scorpions
  13 wights
  8 jellies
  7 crimson imps
  4 bullfrog zombies
  2 hounds
  A gnoll shaman (D:8)
  11 orc priests
  A bullfrog skeleton (D:9)
  A centaur skeleton (D:5)
  15 orc wizards
  3 iguanas
  13 worker ants
  5 hound zombies
  2 worker ant zombies
  11 adders
  2 shadow imps
  An ooze (Lair:6)
  An adder zombie (D:6)
  3 worms (D:2)
  3 dart slugs
  5 leopard geckos
  82 orcs
  3 giant cockroaches
  5 goblins
  10 hobgoblins
  15 jackals
  9 kobolds
  4 quokkas
  8 bats
  2 frilled lizards
  A leopard gecko skeleton (D:4)
  A quokka skeleton (D:7)
  8 rats
  A plant (D:11)
398 creatures vanquished.

Vanquished Creatures (collateral kills)
  A two-headed ogre (D:11)
  A manticore (Lair:6)
  3 elephants (Lair:6)
  A black mamba (Lair:4)
  3 spiny frogs
  Joseph (D:8)
  An eye of devastation (Gauntlet)
  2 rime drakes (Lair:6)
  A torpor snail (Lair:5)
  A komodo dragon (Lair:2)
  3 hornets (Lair:6)
  3 polar bears (Lair:6)
  A wind drake (Lair:6)
  A hippogriff (D:8)
  6 blink frogs
  4 dream sheep (Lair:6)
  10 yaks
  2 wyverns (Lair:6)
  2 basilisks (Lair:4)
  A golden eye (Gauntlet)
  A hungry ghost (D:8)
  3 water moccasins
  A floating eye (Gauntlet)
  2 porcupines (D:8)
  An orc warrior (Orc:1)
  A phantom (D:8)
  2 ogres
  3 crocodiles (Lair:6)
  2 bullfrogs (D:8)
  3 wights (D:8)
  6 jellies (Lair:6)
  A bullfrog zombie (D:8)
  A centaur skeleton (D:8)
  5 orcs
  A quokka zombie (D:10)
  3 fungi
  2 plants
86 creatures vanquished.

Vanquished Creatures (others)
  An adder skeleton (D:9)
  12 fungi (D:8)
  7 plants
  11 withered plants (Gauntlet)
31 creatures vanquished.

Grand Total: 515 creatures vanquished

Notes
Turn   | Place    | Note
-------+----------+-------------------------------------------
     0 | D:1      | Faels the Demonspawn Gladiator began the quest for the Orb.
     0 | D:1      | Reached XP level 1. HP: 16/16 MP: 1/1
   505 | D:1      | Gained mutation: When hurt, damage is shared between your
                  | health and your magic reserves. [demonic ancestry]
   505 | D:1      | Reached XP level 2. HP: 22/22 MP: 2/2
   690 | D:1      | Reached skill level 1 in Stealth
  1358 | D:2      | Reached XP level 3. HP: 24/27 MP: 1/3
  1524 | D:2      | Found a shimmering blue altar of Sif Muna.
  2160 | D:2      | Gained mutation: You are partially covered in molten
                  | scales. (AC +2) [demonic ancestry]
  2160 | D:2      | Reached XP level 4. HP: 33/33 MP: 4/4
  2902 | D:3      | Found a snail-covered altar of Cheibriados.
  2963 | D:3      | Found a blossoming altar of Fedhas.
  3324 | D:4      | Got a dazzling flail
  3325 | D:4      | Identified the cursed +3 flail "Starlight" {vorpal, Dex+7}
                  | (You found it on level 4 of the Dungeon)
  3491 | D:4      | Reached XP level 5. HP: 38/38 MP: 5/5
  3634 | D:4      | Reached skill level 5 in Staves
  3876 | D:4      | Found a staircase to the Ecumenical Temple.
  3881 | Temple   | Entered the Ecumenical Temple
  4276 | D:4      | Gained mutation: You have large cloven feet. [demonic
                  | ancestry]
  4276 | D:4      | Reached XP level 6. HP: 37/44 MP: 3/6
  4561 | D:5      | Entered Level 5 of the Dungeon
  4991 | D:5      | Reached XP level 7. HP: 50/50 MP: 7/7
  5463 | D:5      | Noticed Edmund
  5488 | D:5      | Killed Edmund
  6510 | D:6      | Gained mutation: A weak demonic guardian rushes to your
                  | aid. [demonic ancestry]
  6510 | D:6      | Reached XP level 8. HP: 42/56 MP: 8/8
  7148 | D:6      | Found a white marble altar of Elyvilon.
  7292 | D:6      | Reached skill level 1 in Maces & Flails
  7302 | D:6      | Found a sparkling altar of Nemelex Xobeh.
  7302 | D:6      | Found a glowing golden altar of the Shining One.
  7333 | D:6      | Found an iron altar of Okawaru.
  7339 | D:6      | Became a worshipper of Warmaster Okawaru
  7804 | D:7      | Reached skill level 2 in Maces & Flails
  7834 | D:7      | Found a glowing silver altar of Zin.
  7839 | D:7      | Reached skill level 3 in Maces & Flails
  8151 | D:7      | Reached skill level 4 in Maces & Flails
  8184 | D:7      | Reached * piety under Okawaru
  8232 | D:7      | Found Viaheshi's Book Emporium.
  8496 | D:7      | Reached skill level 5 in Maces & Flails
  8778 | D:8      | Noticed a hippogriff
  8790 | D:8      | Killed a hippogriff
  8790 | D:8      | Reached skill level 1 in Shields
  8790 | D:8      | Gained mutation: A demonic guardian rushes to your aid.
                  | [demonic ancestry]
  8790 | D:8      | Reached XP level 9. HP: 46/59 MP: 7/9
  8801 | D:8      | Reached skill level 6 in Maces & Flails
  9058 | D:8      | Reached ** piety under Okawaru
  9250 | D:8      | Reached skill level 7 in Maces & Flails
  9412 | D:8      | Reached skill level 8 in Maces & Flails
  9473 | D:8      | Found a staircase to the Lair.
  9479 | D:8      | Reached *** piety under Okawaru
  9525 | D:8      | Noticed Joseph
  9534 | D:8      | Killed Joseph
 10070 | D:9      | Found an ancient bone altar of Kikubaaqudgha.
 10091 | D:9      | Gained mutation: You are mostly covered in molten scales.
                  | (AC +3) [demonic ancestry]
 10091 | D:9      | Reached XP level 10. HP: 63/65 MP: 10/10
 10430 | D:9      | Reached skill level 9 in Maces & Flails
 10534 | D:10     | Entered Level 10 of the Dungeon
 10585 | D:10     | Found a runed translucent gate.
 10586 | D:10     | Found a runed translucent gate.
 10586 | D:10     | Noticed Auros's ghost (novice TrEE)
 10588 | D:10     | Found a runed translucent gate.
 10648 | D:10     | Killed Auros's ghost
 10648 | D:10     | Received a gift from Okawaru
 10863 | D:10     | Noticed a cyclops
 10880 | D:10     | Killed a cyclops
 10880 | D:10     | Reached **** piety under Okawaru
 10880 | D:10     | Reached skill level 10 in Maces & Flails
 11357 | D:10     | Found a staircase to the Orcish Mines.
 11660 | D:10     | Reached skill level 11 in Maces & Flails
 12240 | D:11     | Received a gift from Okawaru
 12596 | D:11     | Noticed a two-headed ogre
 12600 | D:11     | Killed a two-headed ogre
 12600 | D:11     | Reached ***** piety under Okawaru
 12777 | D:11     | Reached XP level 11. HP: 67/70 MP: 9/11
 13125 | D:11     | Got a bone hand axe
 13133 | D:11     | Identified the +11 hand axe of Qamumit {holy, +Fly rElec
                  | rF- MR+} (You found it on level 11 of the Dungeon)
 13226 | D:11     | Found a blossoming altar of Fedhas.
 13228 | D:11     | Noticed an oklob plant
 13228 | D:11     | Noticed an oklob plant
 13267 | D:11     | Reached skill level 12 in Maces & Flails
 13733 | Lair:1   | Entered Level 1 of the Lair of Beasts
 14367 | Lair:1   | Received a gift from Okawaru
 15092 | Lair:2   | Found a runed translucent door.
 15092 | Lair:2   | Noticed Ulyfel's ghost (journeyman BaIE)
 15127 | Lair:2   | Killed Ulyfel's ghost
 15127 | Lair:2   | Received a gift from Okawaru
 15298 | Lair:2   | Found a hole to the Spider Nest.
 15309 | Lair:2   | Reached skill level 13 in Maces & Flails
 15324 | Lair:2   | Found a staircase to the Swamp.
 16094 | Lair:3   | Found a runed translucent door.
 16094 | Lair:3   | Found a shimmering altar of Xom.
 16094 | Lair:3   | Noticed a +1 halberd of chaos
 16094 | Lair:3   | Noticed Reastril's ghost (journeyman GnWz)
 16097 | Lair:3   | Learned a level 1 spell: Animate Skeleton
 16227 | Lair:3   | Reached skill level 1 in Spellcasting
 16227 | Lair:3   | Reached skill level 1 in Necromancy
 17118 | Lair:4   | Reached skill level 5 in Necromancy
 17226 | Lair:4   | Learned a level 3 spell: Vampiric Draining
 17263 | Lair:4   | Reached ****** piety under Okawaru
 17271 | Lair:4   | Received a gift from Okawaru
 17664 | Lair:4   | Gained mutation: You are completely covered in molten
                  | scales. (AC +4, rF+) [demonic ancestry]
 17664 | Lair:4   | Reached XP level 12. HP: 76/76 MP: 17/17
 17821 | Lair:4   | Learned a level 4 spell: Animate Dead
 17936 | Lair:4   | Reached skill level 1 in Evocations
 18645 | Lair:5   | Received a gift from Okawaru
 18970 | Lair:5   | You fall into a shaft and drop 1 floor!
 18970 | Lair:6   | Entered Level 6 of the Lair of Beasts
 19045 | Lair:6   | Noticed a seven-headed hydra
 19050 | Lair:6   | Killed a seven-headed hydra
 19395 | Lair:6   | Reached skill level 5 in Spellcasting
 19842 | Lair:6   | Found a staircase to the Slime Pits.
 20011 | Lair:6   | Noticed a merfolk avatar
 20012 | Lair:6   | Noticed a dire elephant
 20265 | Lair:6   | Received a gift from Okawaru
 20272 | Lair:6   | Got an ancient broad axe {god gift}
 20273 | Lair:6   | Identified the +1 broad axe of Existentialism {vorpal,
                  | Fragile MP+9 Int-2 Dex+9} (Okawaru gifted it to you on
                  | level 6 of the Lair of Beasts)
 20316 | Lair:6   | Killed a merfolk avatar
 20316 | Lair:6   | Reached skill level 5 in Evocations
 20319 | Lair:6   | Got a pitted garnet amulet
 20341 | Lair:6   | Reached skill level 5 in Dodging
 20363 | Lair:6   | Identified the amulet "Xoaru" {Inacc rF++ MR-} (You found
                  | it on level 6 of the Lair of Beasts)
 21104 | Orc:1    | Entered Level 1 of the Orcish Mines
 21138 | D:10     | Gained mutation: You resist negative energy. (rN+) [demonic
                  | ancestry]
 21138 | D:10     | Reached XP level 13. HP: 41/85 MP: 10/20
 21571 | Orc:1    | Received a gift from Okawaru
 21864 | Orc:1    | Found a runed translucent door.
 21865 | Orc:1    | Noticed edsrzf's ghost (journeyman DDBe)
 22042 | Orc:2    | Entered Level 2 of the Orcish Mines
 22071 | Orc:2    | Noticed Nessos
 22078 | Orc:2    | Found a gate leading to a gauntlet.
 22082 | Gauntlet | Entered a Gauntlet
 22082 | Gauntlet | Found a transporter.
 22217 | Gauntlet | Found a transporter.
 22228 | Gauntlet | Found a transporter.
 22233 | Gauntlet | Found a transporter.
 22248 | Gauntlet | Found a transporter.
 22267 | Gauntlet | Found a transporter.
 22279 | Gauntlet | Found a transporter.
 22285 | Gauntlet | Found a transporter.
 22300 | Gauntlet | Found a transporter.
 22306 | Gauntlet | Found a transporter.
 22320 | Gauntlet | Noticed a reaper
 22321 | Gauntlet | Found a transporter.
 22333 | Gauntlet | Found a transporter.
 22339 | Gauntlet | Found a transporter.
 22359 | Gauntlet | Found a transporter.
 22379 | Gauntlet | Found a transporter.
 22404 | Gauntlet | Found a transporter.
 22406 | Gauntlet | Found a transporter.
 22426 | Gauntlet | Found a transporter.
 22628 | Gauntlet | Noticed a quicksilver dragon
 22628 | Gauntlet | a quicksilver dragon changed into an alligator snapping
                  | turtle
 22629 | Gauntlet | Noticed a dire elephant
 22629 | Gauntlet | an alligator snapping turtle changed into a dire elephant
 22637 | Gauntlet | Noticed a sphinx
 22637 | Gauntlet | a dire elephant changed into a sphinx
 22641 | Gauntlet | Noticed an azure jelly
 22641 | Gauntlet | a sphinx changed into an azure jelly
 22644 | Gauntlet | Noticed a storm dragon
 22644 | Gauntlet | an azure jelly changed into a storm dragon
 22649 | Gauntlet | Noticed a shadow dragon
 22649 | Gauntlet | a storm dragon changed into a shadow dragon
 22793 | Gauntlet | Paralysed by a floating eye for 3 turns
 22800 | Gauntlet | Paralysed by a floating eye for 3 turns
 22972 | Gauntlet | Noticed a quicksilver dragon
 22972 | Gauntlet | an alligator snapping turtle changed into a quicksilver
                  | dragon
 22976 | Gauntlet | a quicksilver dragon changed into a death yak
 22985 | Gauntlet | Noticed an ettin
 22985 | Gauntlet | a death yak changed into an ettin
 22996 | Gauntlet | Noticed a fire dragon
 22996 | Gauntlet | an ettin changed into a fire dragon
 23001 | Gauntlet | a fire dragon changed into a wolf spider
 23005 | Gauntlet | Noticed an ettin
 23005 | Gauntlet | a wolf spider changed into an ettin
 23024 | Gauntlet | Noticed an ettin
 23024 | Gauntlet | a water nymph changed into an ettin
 23169 | Gauntlet | Got a twitching lead amulet
 23174 | Gauntlet | Identified the amulet of Weajats {Acrobat rF+ Stlth+} (You
                  | found it in a Gauntlet)
 23204 | Gauntlet | Noticed a minotaur
 23227 | Gauntlet | HP: 2/129 [minotaur/+0 war axe of draining (7)]
 23227 | Gauntlet | Slain by a minotaur

Levels and vault maps discovered:
D:1:      nicolae_arrival_somewhat_less_tricky_arrival, layout_basic
D:2:      kennysheep_six_static_rooms, layout_basic, lemuel_doored_altar
D:3:      layout_basic, fedhas_altar_2, kennysheep_slug_shrine, first_ration
D:4:      layout_loops_ring, minmay_temple_entry_butterflies,
          minmay_misc_feat_rugged
D:5:      layout_basic, uniq_edmund
D:6:      layout_cave_pods, elyvilon_altar_3, minitemple
D:7:      layout_basic, serial_shops, shop_fountains, basic_altar
D:8:      kennysheep_ambush_hall, layout_basic, grunt_lair_entry_orc_guard_hut,
          uniq_joseph
D:9:      layout_rooms, kiku_gazebo_pond_becter, blue_anna_alchemist
          [blue_anna_fruit_fields, blue_anna_fruit_fields]
D:10:     layout_basic, david_orc_4, special_room [special_room_orc],
          ebering_ghost_rock_garden
D:11:     minmay_weird_star, layout_irregular_city, hangedman_tree_tricks
Temple:   eino_temple_lava
Lair:1:   layout_cave_pods
Lair:2:   layout_cave_pods, skrybe_swamp_entry_bodies,
          spider_nest_entry_web_field, hellmonk_ghost_happy_afterlife
Lair:3:   layout_loops_ring, ebering_ghost_xom
Lair:4:   layout_layer_cave, serial_rivers, chequers_serial_rivers_micro_d,
          chequers_serial_rivers_large_a, chequers_serial_rivers_small_a,
          chequers_serial_rivers_micro_a, chequers_serial_rivers_micro_a,
          cheibrodos_lair_reptile_den, grunt_megastairs_1
Lair:5:   layout_regular_city, infiniplex_staircase_pool, lemuel_fruit_tree
Lair:6:   gammafunk_lair_ancient_temple, layout_regular_city,
          minmay_slime_entry_jelly_boxes
Orc:1:    layout_caves, ebering_ghost_inner_flame
Orc:2:    st_orc_ogre_mass, layout_caves, gauntlet_entry_generic, basic_altar,
          uniq_nessos
Gauntlet: gammafunk_gauntlet_one_two_three [nicolae_gauntlet_arena_quarters,
          nicolae_gauntlet_arena_flowing_pool,
          gammafunk_gauntlet_arena_split_diamond,
          gammafunk_gauntlet_arena_crates,
          gammafunk_gauntlet_arena_arrow_garden,
          gammafunk_gauntlet_arena_chambers, gammafunk_gauntlet_arena_grid,
          nicolae_gauntlet_arena_blocks, nicolae_gauntlet_arena_grate_2,
          gauntlet_exit_green]

Skill      XL: |  1  2  3  4  5  6  7  8  9 10 11 12 13 |
---------------+----------------------------------------+-----
Staves         | 3 4 5 6 8 9 |  9.0
Stealth        | 1 2 |  2.5
Maces & Flails | 5 8 11 13 | 13.0
Shields        | 1 4 |  4.0
Spellcasting   | 3 5 |  5.1
Necromancy     | 6 9 |  9.6
Evocations     | 5 |  5.7
Dodging        | 5 |  5.5
Throwing       | 2 |  2.8
Fighting       | 3 |  3.1
Armour         | |  0.1

Action                   |  1- 3 |  4- 6 |  7- 9 | 10-12 | 13-15 || total
-------------------------+-------+-------+-------+-------+-------++-------
Melee: Quarterstaff      |   142 |   212 |    46 |       |       ||   400
       Flail             |       |     7 |   322 |   711 |    97 ||  1137
       Whip              |       |       |       |     1 |       ||     1
Throw: Javelin           |       |     5 |    15 |    14 |     3 ||    37
       Boomerang         |       |       |     9 |     2 |       ||    11
       Throwing net      |       |       |     3 |       |       ||     3
       Dart              |       |       |    22 |    54 |     3 ||    79
 Cast: Animate Skeleton  |       |       |       |    14 |     1 ||    15
       Animate Dead      |       |       |       |    11 |    10 ||    21
Invok: Heroism           |       |       |       |     7 |     4 ||    11
       Finesse           |       |       |       |       |     1 ||     1
Evoke: Sack of spiders   |       |       |       |       |     5 ||     5
       Wand              |       |       |       |       |     1 ||     1
  Use: Scroll            |     6 |     1 |     9 |    18 |     6 ||    40
       Potion            |       |       |       |     3 |     7 ||    10
 Stab: Sleeping          |     1 |     1 |     4 |     4 |     1 ||    11
       Distracted        |       |       |     2 |     2 |       ||     4
       Confused          |       |       |       |       |     1 ||     1
  Eat: Chunk             |     3 |     7 |    11 |    25 |     1 ||    47
       Ration            |       |     1 |     2 |     5 |     2 ||    10
Armor: Leather armour    |    20 |       |    21 |   161 |    32 ||   234
       Ring mail         |    39 |   111 |   116 |       |       ||   266
       Chain mail        |       |       |    31 |       |       ||    31
Dodge: Dodged            |    88 |   168 |   187 |   296 |    68 ||   807
Block: Buckler           |       |       |    69 |   199 |    52 ||   320

Table legend:
 A = Non-vault XP
 B = Vault XP
 C = Vault XP percentage of total XP
 D = Non-vault monster count
 E = Vault monster count
 F = Vault count percentage of total count
                 A         B        C        D         E       F
            +---------+---------+-------+---------+---------+-------
      Total |   26884 |   14619 |  35.2 |     357 |     122 |  25.5
            +---------+---------+-------+---------+---------+-------
        D:1 |      38 |       0 |   0.0 |      21 |       0 |   0.0
        D:2 |      82 |      14 |  14.6 |      21 |       6 |  22.2
        D:3 |      37 |       4 |   9.8 |      15 |       1 |   6.2
        D:4 |     213 |       0 |   0.0 |      10 |       0 |   0.0
        D:5 |     508 |     169 |  25.0 |      23 |       1 |   4.2
        D:6 |     762 |       0 |   0.0 |      26 |       0 |   0.0
        D:7 |     791 |       0 |   0.0 |      24 |       0 |   0.0
        D:8 |    1441 |    1169 |  44.8 |      21 |      12 |  36.4
        D:9 |     566 |     100 |  15.0 |      14 |       1 |   6.7
       D:10 |    1760 |    1928 |  52.3 |      26 |      44 |  62.9
       D:11 |    2398 |       0 |   0.0 |      33 |       0 |   0.0
     Lair:1 |    1742 |       0 |   0.0 |      13 |       0 |   0.0
     Lair:2 |    1193 |     877 |  42.4 |       8 |       2 |  20.0
     Lair:3 |    2153 |       0 |   0.0 |      12 |       0 |   0.0
     Lair:4 |    4078 |    1637 |  28.6 |      22 |       8 |  26.7
     Lair:5 |    3107 |       0 |   0.0 |      14 |       0 |   0.0
     Lair:6 |    3749 |    7227 |  65.8 |      21 |      40 |  65.6
      Orc:1 |    1988 |       0 |   0.0 |      27 |       0 |   0.0
      Orc:2 |     278 |       0 |   0.0 |       6 |       0 |   0.0
   Gauntlet |       0 |    1494 | 100.0 |       0 |       7 | 100.0
            +---------+---------+-------+---------+---------+-------
